 Dungeon Crawl Stone Soup version 0.27.1-33-g824d729ab1 (webtiles) character file.

Game seed: 497124617433798241

198 jiml777 the Gusty (level 5, -3/28 HPs)
             Began as a Gargoyle Air Elementalist on Nov 25, 2021.
             Killed from afar by Sigmund (6 damage)
             ... with a magic dart
             ... on level 3 of the Dungeon on Nov 26, 2021.
             The game lasted 00:42:06 (5463 turns).

jiml777 the Gusty (Gargoyle Air Elementalist)       Turns: 5463, Time: 00:42:06

Health: -3/28      AC:  6    Str: 11    XL:     5   Next: 77%
Magic:  10/10      EV: 12    Int: 17    God:
Gold:   23         SH:  5    Dex: 10    Spells: 2/10 levels left

rFire    . . .     SeeInvis .   f - +0 dagger (flame)
rCold    . . .     Faith    .   (no shield)
rNeg     + . .     Spirit   .   a - +0 robe
rPois    ∞         Reflect  +   (no helmet)
rElec    +         Harm     .   (no cloak)
rCorr    .         Rampage  .   (no gloves)
Will     .....                  (no boots)
Stlth    ++........             h - amulet of reflection
HPRegen  0.09/turn              (no ring)
MPRegen  0.12/turn              (no ring)

@: no status effects
A: sickness immunity, AC +4, negative energy resistance 1, electricity
resistance, torment resistance 1, petrification resistance
a: no special abilities


You were on level 3 of the Dungeon.
You visited 1 branch of the dungeon, and saw 3 of its levels.

You collected 23 gold pieces.

Inventory:

Hand Weapons
 c - a +0 dagger
 d - a +0 club
 f - a +0 dagger of flaming (weapon)
 t - a +0 hunting sling
Missiles
 b - 86 stones
 p - 28 sling bullets
 q - 12 arrows
Armour
 a - a +0 robe (worn)
 e - a +0 plate armour
 r - a +0 leather armour
Jewellery
 h - an amulet of reflection (around neck)
Scrolls
 j - a scroll of enchant armour {unknown}
 n - a scroll of fog {unknown}
 s - a scroll of summoning {unknown}
 u - a scroll of teleportation {unknown}
Potions
 g - 2 potions of heal wounds {unknown}
 i - a potion of invisibility {unknown}
 k - a potion of haste {unknown}
 l - a potion of lignification {unknown}
 m - a potion of magic {unknown}
 o - a potion of mutation {unknown}


   Skills:
 + Level 1.7 Dodging
 + Level 2.5 Stealth
 + Level 3.4 Spellcasting
 + Level 2.4 Conjurations
 + Level 3.8 Air Magic


You had 2 spell levels left.
You knew the following spells:

 Your Spells              Type           Power      Damage    Failure   Level
a - Shock                 Conj/Air       52%        1d6       4%          1
b - Swiftness             Air            16%        N/A       11%         3
c - Airstrike             Air            8%         N/A       34%         4

Your spell library contained the following spells:

 Spells                   Type           Power      Damage    Failure   Level
 Static Discharge         Conj/Air       13%        N/A       7%          2
 Summon Small Mammal      Summ           8%         N/A       17%         1
 Call Canine Familiar     Summ           2%         N/A       45%         3
 Portal Projectile        Hex/Tloc       4%         N/A       45%         3
 Summon Guardian Golem    Hex/Summ       2%         N/A       45%         3
 Blade Hands              Tmut           1%         N/A       99%         5
 Excruciating Wounds      Necr           1%         N/A       99%         5


Dungeon Overview and Level Annotations

Branches:
Dungeon (3/15)

Altars:
Kikubaaqudgha
Beogh

Shops:
D:3 (?

Annotations:
D:3 3 runed translucent doors, Sigmund; zeram's ghost, amateur DsBr


Innate Abilities, Weirdness & Mutations

You are immune to sickness and miasma.
Your stone body is resilient. (AC +4)
You are immune to poison.
You resist negative energy. (rN+)
You are resistant to electric shocks. (rElec)
You are resistant to unholy torment.
You are immune to petrification.


Message History

Aiming: Shock (safe; 4% risk of failure)
Press: ? - help, Shift-Dir - straight line The zap hits Sigmund.
Sigmund is moderately wounded.
Sigmund points at you and mumbles some strange words.
You are confused.
You bump into the translucent rock wall.
Sigmund barely misses you.
You're too confused to move!
Sigmund hits you from afar with a +0 scythe!
You feel less confused. Sigmund gestures at you while chanting.
You resist with some effort. Sigmund casts a spell at you.
The magic dart hits you.
* * * LOW HITPOINT WARNING * * *
Sigmund mumbles some strange words.
Sigmund flickers and vanishes!
Deactivating autopickup; reactivate with Ctrl-A.
A magic dart appears from out of thin air!
The magic dart hits you.
* * * LOW HITPOINT WARNING * * *
Something tries to affect you, but you resist.
Something tries to affect you, but you resist.
Sigmund appears from thin air!
Reactivating autopickup.
Sigmund gestures wildly while chanting.
Sigmund flickers and vanishes!
Deactivating autopickup; reactivate with Ctrl-A.
You hear some strange, mumbled words.
Something tries to affect you, but you resist.
A magic dart appears from out of thin air!
The magic dart hits you but does no damage.
A puff of flame appears from out of thin air!
The puff of flame hits you.
* * * LOW HITPOINT WARNING * * *
Something tries to affect you, but you resist.
A magic dart appears from out of thin air!
The magic dart hits you.
You die...

#.....########..#.#############
#.......# #..#........#.....
###.......######.#########.######
.............#....##.....#.# #...
...........#.#.#..##.....#.# #.##
...........#.#.#..#......#.###.#
...........#.#.#..#......#.....##
###........#.#.#..#......#####...
#........#.#.#@.#.#.#.## #.###
#.......#..#....#.#...# #.#
######.####..#....#.#.### #.# ...
##.####.......#.#.# ######### ...
#.............#.#.# #...#...# ...
#..#####..........# #.#.#.#.. ...
#..# ##..#{##.#####.#.#.### ...
#..# #..#.##.......#...# ### ####
##)#.################


There were no monsters in sight!

Vanquished Creatures
  An iguana (D:3)
  Jessica (D:2)
  Natasha (twice) (D:2)
  2 adders (D:3)
  3 worms
  2 dart slugs (D:1)
  5 orcs (D:3)
  2 ball pythons (D:1)
  5 endoplasms
  4 giant cockroaches (D:1)
  5 goblins
  3 hobgoblins
  2 jackals (D:1)
  5 kobolds
  2 quokkas
  10 bats
  3 frilled lizards
  5 rats
62 creatures vanquished.

Vanquished Creatures (others)
  2 plants (D:1)
2 creatures vanquished.

Grand Total: 64 creatures vanquished

Notes
Turn   | Place    | Note
-------+----------+-------------------------------------------
     0 | D:1      | jiml777 the Gargoyle Air Elementalist began the quest for
                  | the Orb.
     0 | D:1      | Reached XP level 1. HP: 10/10 MP: 3/3
   598 | D:1      | Reached XP level 2. HP: 11/15 MP: 0/5
  1245 | D:1      | Reached XP level 3. HP: 19/19 MP: 1/6
  1723 | D:1      | Found a faded altar of an unknown god.
  1957 | D:1      | Learned a level 3 spell: Swiftness
  1989 | D:2      | Found an ancient bone altar of Kikubaaqudgha.
  2274 | D:2      | Noticed Natasha
  2310 | D:2      | Killed Natasha
  2311 | D:2      | Reached XP level 4. HP: 11/24 MP: 2/8
  2370 | D:2      | Noticed Natasha
  2423 | D:2      | Killed Natasha
  2853 | D:2      | Learned a level 4 spell: Airstrike
  3266 | D:2      | Noticed Jessica
  3279 | D:2      | Killed Jessica
  3280 | D:2      | Reached XP level 5. HP: 28/28 MP: 2/9
  3880 | D:3      | Found Vufeemav's Weapon Shoppe.
  4744 | D:3      | Noticed zeram's ghost (amateur DsBr)
  4745 | D:3      | Found a runed translucent gate.
  4745 | D:3      | Found a runed translucent gate.
  4745 | D:3      | Found a runed translucent gate.
  4764 | D:3      | Found Eschoasuch's Magic Scroll Shop.
  5389 | D:3      | Noticed Sigmund
  5463 | D:3      | Killed from afar by Sigmund

Illustrated notes

Levels and vault maps discovered:
D:1:      eino_arrival_water_cross, layout_basic,
          hellmonk_ecumenical_altar_defaced_shrine
D:2:      layout_loops_ring, basic_altar, uniq_natasha, uniq_jessica
D:3:      layout_basic, serial_shops, shop, nicolae_shop_statue_plus,
          serial_co_window_serial, co_window_corner_a, co_window_paths_a,
          co_window_paths_a, co_window_corner_a, co_window_cross_1,
          co_window_paths_a, co_window_of_opportunity_a, co_window_paths_c,
          co_window_unsneaky_path_e, co_window_corner_b, co_window_sun,
          glass_columns_a, glass_columns_c, glass_columns_b,
          ebering_ghost_rock_garden, uniq_sigmund

Skill      XL: |  1  2  3  4  5 |
---------------+----------------+-----
Conjurations   | 2 |  2.4
Air Magic      | 3 |  3.8
Spellcasting   | 3 |  3.4
Dodging        | |  1.7
Stealth        | |  2.5

Action                   |  1- 3 |  4- 6 || total
-------------------------+-------+-------++-------
Melee: Dagger            |    10 |       ||    10
       Unarmed           |     2 |       ||     2
 Cast: Shock             |    84 |    71 ||   155
Armor: Robe              |     9 |     7 ||    16
Dodge: Dodged            |    30 |     7 ||    37
Block: Other             |     3 |     1 ||     4
